 Dungeon Crawl Stone Soup version 0.27-a0-1137-g3ef0f4ec91 (webtiles) character file.

Game seed: 14744851162803404426

17 Eurus the Ruffian (level 2, 6/23 HPs)
             Began as a Draconian Transmuter on May 6, 2021.
             Was a Follower of Trog.
             Quit the game on level 1 of the Dungeon on Feb 13, 2023.
             The game lasted 00:03:34 (819 turns).

Eurus the Ruffian (Draconian Transmuter)             Turns: 819, Time: 00:03:34

Health: 6/23       AC:  4    Str: 12    XL:     2   Next: 44%
Magic:  5/5        EV: 12    Int: 13    God:    Trog [*.....]
Gold:   13         SH:  0    Dex: 11    Spells: 4/5 levels left

rFire    . . .     SeeInvis .     - Unarmed
rCold    . . .     Faith    .   (no shield)
rNeg     . . .     Spirit   .   (armour unavailable)
rPois    .         Reflect  .   (helmet restricted)
rElec    .         Harm     .   (no cloak)
rCorr    .         Rampage  .   (no gloves)
Will     .....                  (no boots)
Stlth    +.........             (no amulet)
HPRegen  0.07/turn              (no ring)
MPRegen  0.09/turn              (no ring)

@: no status effects
A: AC +4, unfitting armour, cold-blooded
a: Renounce Religion, Berserk


You were on level 1 of the Dungeon.
You worshipped Trog.
Trog was aware of your devotion.
You visited 1 branch of the dungeon, and saw 1 of its levels.

You collected 13 gold pieces.

Inventory:

Scrolls
 a - a scroll of immolation {unknown}
 e - 2 scrolls of teleportation {unknown}
Potions
 b - a potion of cancellation {unknown}
 c - a potion of lignification {unknown}
 d - a potion of brilliance {unknown}


   Skills:
 + Level 1.5 Fighting
 + Level 2.0 Dodging
 + Level 3.3 Unarmed Combat
 - Level 2.1 Spellcasting
 - Level 2.1 Transmutations


You had 4 spell levels left.
You knew the following spells:

 Your Spells              Type           Power      Damage    Failure   Level
a - Beastly Appendage     Tmut           12%        N/A       11%         1

Your spell library contained the following spells:

 Spells                   Type           Power      Damage    Failure   Level
 Wereblood                Tmut           6%         N/A       16%         2
 Spider Form              Tmut/Pois      2%         N/A       43%         3
 Ice Form                 Ice/Tmut       4%         N/A       85%         4
 Hydra Form               Tmut           3%         N/A       96%         5


Dungeon Overview and Level Annotations

Branches:
Dungeon (1/15)

Altars:
Trog


Innate Abilities, Weirdness & Mutations

Your plain brown scales are hard. (AC +4)
You cannot fit into any form of body armour.
You are cold-blooded and may be slowed by cold attacks.


Message History

You hit the quokka but do no damage.
Your tail-slap misses the quokka.
The bat hits you but does no damage. The quokka barely misses you.
You barely miss the quokka. The quokka bites you.
The bat hits you but does no damage. The quokka bites you.
You hit the quokka but do no damage. The bat misses you. The quokka bites you.
You hit the quokka.
The quokka is almost dead.
The bat hits you but does no damage. The quokka bites you.
You barely miss the quokka.
The quokka is almost dead.
The bat barely misses you. The bat hits you. The quokka bites you.
You miss the quokka.
The quokka is almost dead.
The bat hits you but does no damage. The quokka bites you.
You hit the quokka.
You kill the quokka!
Trog accepts your kill. The bat hits you but does no damage.
The bat closely misses you. The bat hits you.
* * * LOW HITPOINT WARNING * * *
The bat hits you but does no damage. The bat hits you but does no damage.
You barely miss the bat.
Your tail-slap misses the bat.
The bat hits you.
* * * LOW HITPOINT WARNING * * *
The bat closely misses you. The bat barely misses you.
You miss the bat. The bat hits you but does no damage.
The bat barely misses you.
You hit the bat.
You kill the bat!
Trog accepts your kill.
Are you sure you want to abandon this character and quit the game? (Confirm with "yes".)
Okay, then.
Are you sure you want to abandon this character and quit the game? (Confirm with "yes".)
Okay, then.
Welcome back, Eurus the Draconian Transmuter.
Trog says: Kill them all!
Press ? for a list of commands and other information.
Are you sure you want to abandon this character and quit the game? (Confirm with "yes".)

.#..#....#.#
.#.......#.#
.#....####.#
.#.......#.#
##...###.#.#
.#.........###
....####.....#####
.#..#....†.......#
.##.#.######.###@#
..............##.#
....#............#
############.#####
###


There were no monsters in sight!

Vanquished Creatures
  2 endoplasms (D:1)
  2 goblins (D:1)
  A hobgoblin (D:1)
  2 quokkas (D:1)
  4 bats (D:1)
  A frilled lizard (D:1)
  A kobold (D:1)
  3 rats (D:1)
16 creatures vanquished.

Notes
Turn   | Place    | Note
-------+----------+-------------------------------------------
     0 | D:1      | Eurus the Draconian Transmuter began the quest for the Orb.
     0 | D:1      | Reached XP level 1. HP: 16/16 MP: 3/3
   307 | D:1      | Reached XP level 2. HP: 7/23 MP: 5/5
   638 | D:1      | Found a faded altar of an unknown god.
   641 | D:1      | Became a worshipper of Trog the Wrathful
   641 | D:1      | Reached * piety under Trog
   819 | D:1      | Quit the game

Illustrated notes

Levels and vault maps discovered:
D:1:      elethiomel_arrival_infinity_welcomes_careful_drivers, layout_basic,
          hellmonk_ecumenical_altar_inner_sanctum

Skill      XL: |  1  2 |
---------------+-------+-----
Dodging        | 2 |  2.0
Fighting       | |  1.5
Unarmed Combat | |  3.3
Spellcasting   | |  2.1
Transmutations | |  2.1

Action                   || total
-------------------------++-------
Melee: Unarmed           ||    45
       Tailslap          ||     2
 Stab: Sleeping          ||     1
Armor: Skin              ||    18
Dodge: Dodged            ||    39

Table legend: (Time is in decaauts)
 A = Elapsed time spent in this place.
 B = Non-inter-level travel time spent in this place.
 C = Inter-level travel time spent in this place.
 D = Time resting spent in this place.
 E = Time spent auto-exploring this place.
 F = Levels seen in this place.
 G = Mean time per level.
                   A        B        C        D        E       F      G
               +--------+--------+--------+--------+--------+-----+--------+
         Total |    820 |    820 |      0 |    298 |    140 |   1 |  820.0 |
       Dungeon |    820 |    820 |      0 |    298 |    140 |   1 |  820.0 |
               +--------+--------+--------+--------+--------+-----+--------+

Top non-repeatable levels by time:
     D:1: 820 daAuts
